 Dungeon Crawl Stone Soup version 0.29.1-12-g30fa7ad0bf (webtiles) character file.

Game seed: 10016828325844212469

74 Sanktem7 the Trooper (level 4, 0/41 HPs)
             Began as a Minotaur Fighter on Jan 3, 2023.
             Frozen to death by an endoplasm (3 damage)
             ... on level 3 of the Dungeon.
             The game lasted 00:01:47 (1372 turns).

Sanktem7 the Trooper (Minotaur Fighter)             Turns: 1372, Time: 00:01:47

Health: 0/41       AC: 10    Str: 22    XL:     4   Next: 10%
Magic:  3/3        EV:  7    Int:  5    God:
Gold:   77         SH:  4    Dex: 10    Spells: 3/3 levels left

rFire   . . .      SeeInvis .   a - +0 flail {mace}
rCold   . . .      Faith    .   c - +0 buckler
rNeg    + . .      Spirit   .   p - +0 chain mail
rPois   .          Reflect  .   (helmet restricted)
rElec   .          Harm     .   (no cloak)
rCorr   .          Rampage  .   (no gloves)
Will    .....                   k - +0 pair of boots
Stlth   ..........              (no amulet)
HPRegen 0.13/turn               o - ring of positive energy
MPRegen 0.08/turn               (no ring)

@: no status effects
A: horns 2, retaliatory headbutt
a: no special abilities


You were on level 3 of the Dungeon.
You visited 1 branch of the dungeon, and saw 3 of its levels.

You collected 77 gold pieces.


Innate Abilities, Weirdness & Mutations

You have a pair of horns on your head.
You reflexively headbutt those who attack you in melee.


   Skills:
 * Level 4.7 Fighting
 * Level 3.8 Maces & Flails
 + Level 4.2 Armour
 - Level 3.6 Shields


You had 3 spell levels left.
You didn't know any spells.
Your spell library was empty.

Inventory:

Hand Weapons
 a - a +0 flail (weapon) {mace}
Missiles
 e - 34 stones (quivered) {throwing}
 i - 6 poisoned darts {throwing}
 l - 4 curare-tipped darts {=fthrowing}
 n - 5 boomerangs {throwing}
Armour
 c - a +0 buckler (worn)
 k - a +0 pair of boots (worn)
   (You found it on level 1 of the Dungeon)
 p - a +0 chain mail (worn)
   (You found it on level 1 of the Dungeon)
Jewellery
 o - a ring of positive energy (left hand)
   (You found it on level 1 of the Dungeon)
 r - a ring of resist corrosion
   (You found it on level 2 of the Dungeon)
Scrolls
 b - a scroll of identify {unknown}
 j - a scroll of blinking {unknown}
 m - a scroll of fog {unknown}
 q - a scroll of poison {unknown}
Potions
 d - a potion of might
 f - a potion of curing {unknown}
 g - a potion of resistance {unknown}
 h - a potion of mutation {unknown}

Dungeon Overview and Level Annotations

Branches:
Dungeon (3/15) Zot: 16606

Altars:

Shops:
D:1 (

Annotations:
D:2 Jessica

#####
##...##
#.....####
#........
#.....#
#.@J#
##.## #<#
#.# #.#
#.# #!#
#.# #.#


You could see an endoplasm.


Message History

You closely miss the adder.
You feel sick.
You are no longer poisoned.
The adder barely misses you. 😮 HP[-1]
You take 1 damage, and now have 21/34 hp.
You miss the adder. The adder bites you but does no damage.
You block the adder's attack.
You closely miss the adder. Your headbutt misses the adder.
The adder bites you.
Jessica mumbles some strange words.
Jessica blinks! 😮 HP[-1]
You take 1 damage, and now have 20/34 hp.
You hit the adder. The adder bites you but does no damage.
The adder bites you. 😮 HP[-1]
You take 1 damage, and now have 19/34 hp.
You miss the adder. Your headbutt misses the adder.
You block the adder's attack.
Jessica casts a spell.
Jessica seems to speed up. 😮 HP[+1]
You closely miss the adder.
The adder bites you but does no damage. x2
You sock the adder!
You kill the adder!
The hobgoblin barely misses you. You furiously retaliate!
You headbutt the hobgoblin, but do no damage.
You have reached level 4!
You feel agile. 😮 HP[+4] MP[+1]
You now have 41 max hp (+7).
You regained 4 hp, and now have 24/41 hp.
Your mp is fully restored (3).
You sock the hobgoblin!
You kill the hobgoblin!
Jessica gestures wildly while chanting.
Jessica blinks!
You sock the frilled lizard!
You kill the frilled lizard!
You see here a hobgoblin corpse. 😮 HP[+1] Jessica hits you with a +0 club.
* * * LOW HITPOINT WARNING * * *
Jessica gestures wildly while chanting.
Jessica blinks! 😨 HP[-5]
You take 5 damage, and now have 20/41 hp.
Found 14 gold pieces.
Found a stone staircase leading down.
Jessica hits you with a +0 club.
* * * LOW HITPOINT WARNING * * *
😨 HP[-3]
You take 3 damage, and now have 17/41 hp.
You barely miss Jessica. You block Jessica's attack.
Jessica points at you and mumbles some strange words.
You resist with some effort.
You barely miss Jessica. Jessica gestures at you while chanting.
You barely resist. Jessica hits you but does no damage.
You closely miss Jessica. Jessica hits you with a +0 club.
* * * LOW HITPOINT WARNING * * *
Jessica barely misses you. 😨 HP[-1]
You take 1 damage, and now have 16/41 hp.
You closely miss Jessica. Jessica gestures at you while chanting.
Pain shoots through your body!
* * * LOW HITPOINT WARNING * * *
😨 HP[-4]
You take 4 damage, and now have 12/41 hp.
You hit Jessica but do no damage. You block Jessica's attack.
Jessica hits you with a +0 club.
* * * LOW HITPOINT WARNING * * *
😱 HP[-5]
You take 5 damage, and now have 7/41 hp.
You closely miss Jessica. Jessica hits you with a +0 club.
* * * LOW HITPOINT WARNING * * *
Jessica hits you but does no damage. 😱 HP[-5]
You take 5 damage, and now have 2/41 hp.
You hit Jessica. Jessica hits you but does no damage.
Jessica mumbles some strange words.
Jessica blinks!
Unknown command.
Jessica gestures at you while chanting. You resist with some effort.
There is a stone staircase leading down here.
You can't go up here!
Jessica casts a spell.
Jessica blinks!
You climb downwards.
You hear the sound of rushing water.
There is an entrance to a sewer on this level.
Hurry and find it before the portal rusts away!
The frilled lizard hisses angrily.
There is a stone staircase leading up here. 😱 HP[+1]
The frilled lizard barely misses you. You furiously retaliate!
You headbutt the frilled lizard!
You kill the frilled lizard!
The endoplasm freezes you.
You are frozen.
You die...

Skill      XL: |  1  2 |
---------------+-------+-----
Fighting       | 4 |  4.7
Maces & Flails | 3 |  3.8
Armour         | 4 |  4.2
Shields        | |  3.6

Action                   |  1- 3 |  4- 6 || total
-------------------------+-------+-------++-------
Melee: Flail             |    67 |     9 ||    76
       Headbutt          |     9 |       ||     9
Armor: Scale mail        |    23 |       ||    23
       Chain mail        |    17 |     3 ||    20
Dodge: Dodged            |    31 |     2 ||    33
Block: Buckler           |    17 |     2 ||    19

Levels and vault maps discovered:
D:1:      dpeg_arrival_solitude, layout_rooms, serial_shops,
          nicolae_shop_statue_plus, minmay_unequal
D:2:      layout_rooms, serial_shops, nicolae_lakefront_shop,
          hellmonk_ecumenical_altar_inner_sanctum, uniq_terence, uniq_jessica
D:3:      layout_loops_ring, gup_sewer_entry_spiral, gammafunk_ghost_mausoleum,
          chequers_serial_rivers_room_a, minmay_misc_feat_tiny, minmay_vboxes

Notes
Turn   | Place    | Note
-------+----------+-------------------------------------------
     0 | D:1      | Sanktem7 the Minotaur Fighter began the quest for the Orb.
     0 | D:1      | Reached XP level 1. HP: 19/19 MP: 0/0
     0 | D:1      | magus.rc [v1.9.6]
   274 | D:1      | Reached XP level 2. HP: 21/27 MP: 1/1
   277 | D:1      | Reached skill level 4 in Fighting
   321 | D:1      | Reached skill level 3 in Maces & Flails
   738 | D:1      | Found Mucooluo's Antique Weapon Boutique.
   913 | D:2      | Noticed Terence
   920 | D:2      | Killed Terence
   920 | D:2      | HP: 4/27 [worm (9)]
   921 | D:2      | Reached skill level 4 in Armour
   921 | D:2      | Reached XP level 3. HP: 5/34 MP: 2/2
   980 | D:2      | HP: 8/34 [quokka (3)]
  1338 | D:2      | Noticed Jessica
  1353 | D:2      | Reached XP level 4. HP: 24/41 MP: 3/3
  1364 | D:2      | HP: 7/41 [Jessica/+0 club (5)]
  1365 | D:2      | HP: 2/41 [Jessica/+0 club (5)]
  1372 | D:3      | Frozen to death by an endoplasm

Vanquished Creatures
  Terence (D:2)
  An adder (D:2)
  A worm (D:2)
  A dart slug (D:1)
  A bat (D:1)
  4 endoplasms
  2 giant cockroaches
  3 goblins (D:1)
  6 hobgoblins
  2 quokkas
  4 ball pythons
  2 frilled lizards
  4 kobolds (D:1)
  A rat (D:1)
33 creatures vanquished.

Table legend:
 A = Non-vault XP
 B = Vault XP
 C = Vault XP percentage of total XP
 D = Non-vault monster count
 E = Vault monster count
 F = Vault count percentage of total count
                 A         B        C        D         E       F
            +---------+---------+-------+---------+---------+-------
      Total |      62 |      45 |  42.1 |      28 |       5 |  15.2
            +---------+---------+-------+---------+---------+-------
        D:1 |      23 |       9 |  28.1 |      14 |       4 |  22.2
        D:2 |      38 |      36 |  48.6 |      13 |       1 |   7.1
        D:3 |       1 |       0 |   0.0 |       1 |       0 |   0.0
            +---------+---------+-------+---------+---------+-------

Illustrated notes

Table legend:
 A = Kills in this place as a percentage of kills in entire the game.
 B = Kills by you in this place as a percentage of kills by you in the entire game.
 C = Kills by friends in this place as a percentage of kills by friends in the entire game.
 D = Other kills in this place as a percentage of other kills in the entire game.
 E = Experience gained in this place as a percentage of experience gained in the entire game.
 F = Experience gained in this place divided by the number of levels of this place that you have seen.
                   A       B       C       D       E      F
               +-------+-------+-------+-------+-------+----------------------
         Total | 100.0 | 100.0 |   N/A |   N/A | 100.0 |  35.7
       Dungeon | 100.0 | 100.0 |   N/A |   N/A | 100.0 |  35.7
               +-------+-------+-------+-------+-------+----------------------

Table legend: (Time is in decaauts)
 A = Elapsed time spent in this place.
 B = Non-inter-level travel time spent in this place.
 C = Inter-level travel time spent in this place.
 D = Time resting spent in this place.
 E = Time spent auto-exploring this place.
 F = Levels seen in this place.
 G = Mean time per level.
                   A        B        C        D        E       F      G
               +--------+--------+--------+--------+--------+-----+--------+
         Total |   1392 |   1353 |     39 |      0 |   1139 |   3 |  464.0 |
       Dungeon |   1392 |   1353 |     39 |      0 |   1139 |   3 |  464.0 |
               +--------+--------+--------+--------+--------+-----+--------+

Top non-repeatable levels by time:
     D:1: 917 daAuts
     D:2: 473 daAuts
     D:3: 1 daAuts
